 Dungeon Crawl Stone Soup version 0.31-a0-1395-g7c67ea8c80 (webtiles) character file.

Game seed: 12286256131059202908

11392 Grafs the Spear-Bearer (level 11, -8/142 HPs)
             Began as an Oni Cinder Acolyte on Dec 25, 2023.
             Was a Follower of Yredelemnul.
             Killed from afar by a deep elf pyromancer (29 damage)
             ... with a bolt of fire
             ... on level 15 of the Dungeon.
             The game lasted 01:13:42 (9220 turns).

Grafs the Spear-Bearer (Oni Cinder Acolyte)         Turns: 9220, Time: 01:13:42

Health: -8/142     AC: 12    Str: 33    XL:     11   Next: 77%
Magic:  18/18      EV:  8    Int: 17    God:    Yredelemnul [*.....]
Gold:   170        SH: 10    Dex:  4    Spells: 15/20 levels left

rFire   . . .        K - +8 trident (protect)
rCold   + . .        E - +0 tower shield "Hiler Itz" {rElec rC+ Str+3 Int+2}
rNeg    . . .        b - +2 robe
rPois   .            (helmet restricted)
rElec   +            l - +2 cloak
rCorr   .            (gloves unavailable)
SInv    .            (boots unavailable)
Will    +....        (no amulet)
Stlth   ++           v - +4 ring of protection
HPRegen 0.43/turn    L - +6 ring of strength
MPRegen 0.16/turn

%: random rage (3%)
@: no status effects
A: large, unfitting armour, horns 1, tough skin 1, double potion healing,
drunken brawling, berserk 1, robust 2, inability to read after injury 1
a: Renounce Religion, Recall Undead Harvest


You were on level 15 of the Dungeon.
You worshipped Yredelemnul.
Yredelemnul was noncommittal.
You visited 2 branches of the dungeon, and saw 12 of its levels.
You also visited: Sewer.

You collected 402 gold pieces.
You spent 232 gold pieces at shops.

Inventory:

Hand Weapons
 a - a -1 hand axe of flaming
 u - a +0 club
 w - a +3 vampiric trident
 x - a +2 trident of flaming
 K - a +8 trident of protection (weapon)
Missiles
 e - 2 throwing nets
 r - 30 poisoned darts
Armour
 b - a +2 robe (worn)
 f - a +2 pair of boots
 l - a +2 cloak (worn)
 y - a +0 helmet
 B - a scarf of resistance
 E - the +0 tower shield "Hiler Itz" (worn) {rElec rC+ Str+3 Int+2}
   (You acquired it on level 7 of the Dungeon)

   Str+3:     It affects your strength (+3).
   Int+2:     It affects your intelligence (+2).
   rC+:       It protects you from cold.
   rElec:     It insulates you from electricity.
 N - a +0 pair of gloves
Magical Staves
 D - a staff of air
Jewellery
 v - a +4 ring of protection (left hand)
 L - a +6 ring of strength (right hand)
 M - a ring of fire
Wands
 H - a wand of iceblast (16)
 J - a wand of charming (10)
Scrolls
 c - 4 scrolls of amnesia
 h - 3 scrolls of noise
 o - 2 scrolls of fog
 t - 2 scrolls of poison
 F - a scroll of fear
 G - 5 scrolls of vulnerability
Potions
 d - 3 potions of resistance
 g - a potion of brilliance
 i - 3 potions of lignification
 j - a potion of attraction
 k - 2 potions of ambrosia
 m - a potion of mutation
 n - a potion of cancellation
 q - 3 potions of haste
 z - 2 potions of invisibility {unknown}
 A - 2 potions of degeneration {unknown}
 C - a potion of berserk rage {unknown}
 I - 3 potions of might


   Skills:
 + Level 10.8 Fighting
 + Level 4.6(8.5) Axes
 + Level 11.1(11.4) Polearms
 + Level 7.2 Dodging
 + Level 2.8 Stealth
 + Level 4.2 Shields
 + Level 5.0 Spellcasting
 + Level 0.1 Hexes
 + Level 4.9 Fire Magic
 + Level 1.3 Invocations


You had 15 spell levels left.
You knew the following spells:

 Your Spells              Type           Power      Damage    Failure   Level
a - Scorch                Fire           42%        2d6       11%         2
b - Confusing Touch       Hex            4%         N/A       83%         3

Your spell library contained the following spells:

 Spells                   Type           Power      Damage    Failure   Level
 Kiss of Death            Conj/Necr      16%        2d6       45%         1
 Dispel Undead            Necr           4%         3d7       99%         4


Dungeon Overview and Level Annotations

Branches:
Dungeon (15/15)            Temple (1/1) D:7            Lair (0/5) D:8
  Sewer (visited)
    Orc: D:9-12      Vaults: D:13-14     Depths: D:15

Altars:
Ashenzari
Cheibriados
Elyvilon
Fedhas
Kikubaaqudgha
Nemelex Xobeh
Okawaru
Qazlal
Ru
Sif Muna
Trog
Wu Jian
Yredelemnul
Zin
Jiyva
Lugonu

Shops:
D:7 [

Portals:
Trove: D:14 (give 11 potions of heal wounds)

Annotations:
D:15 Louise


Innate Abilities, Weirdness & Mutations

You are too large for most types of armour.
You have a pair of small horns on your head.
You have tough skin. (AC +1)
You gain doubled healing and magic from potions.
Whenever you drink a healing potion, you attack all around you.
You sometimes lose your temper in combat.
You are very robust. (+20% HP)
You occasionally lose the ability to read scrolls when taking damage.


Message History

The wraith is destroyed!
Your Polearms skill increases to level 11!
You closely miss the skeletal warrior.
Your headbutt misses the skeletal warrior.
The skeletal warrior is almost destroyed.
The skeletal warrior hits you but does no damage.
You hit the skeletal warrior but do no damage.
The skeletal warrior is almost destroyed.
The skeletal warrior hits you but does no damage.
You closely miss the skeletal warrior.
Your headbutt misses the skeletal warrior.
The skeletal warrior is almost destroyed.
The skeletal warrior barely misses you.
You puncture the skeletal warrior!
You destroy the skeletal warrior!
You start resting.
A deep elf pyromancer comes into view. It is wielding a +0 rapier.
You see here a +0 halberd.
Found 19 gold pieces.
Your death knight zombie is no longer moving slowly.
Louise the Corrupted comes into view.
She is wielding a +2 eveningstar of freezing.
Louise shouts!
Louise gestures at you while chanting. The bolt of lightning hits you.
You resist.
* * * LOW HITPOINT WARNING * * *
The bolt of lightning hits you! You resist.
* * * LOW HITPOINT WARNING * * *
You hear a shout! x2
A deep elf pyromancer is nearby!
Louise casts a spell at you. The bolt of lightning misses you.
The bolt of lightning hits you! You resist.
* * * LOW HITPOINT WARNING * * *
You hear a shout! x2
Your death knight zombie hits Louise!
You see here 19 gold pieces.
A centaur warrior comes into view.
The deep elf pyromancer gestures at you while chanting.
The bolt of fire hits you!!
You die...
Your body rises from the dead as a mindless zombie.

#.#.##. .. #.#.).. #.
..# #.#.##. #.
#..###.#.##. #.
.......(.##. # #.
#.......e...
...###.######..###.#.##.
...............# #.#.##.
..c....@..e...## #.#)##.
............@..# #.#....
#....#####.##..###.#..#.
###. #..Z......).... §§#
#..#..###.#..#. §§
#.............. §
#.##...#..#..#.
#.##...........
#.........#..#.


You could see Louise (ally target), a centaur warrior (wandering), a deep elf
pyromancer and a friendly death knight zombie.

Vanquished Creatures
  A hydra (D:15)
  Erica (D:11)
  A death knight (D:15)
  A skeletal warrior (D:15)
  Pikel (D:8)
  3 cyclopes
  A gargoyle (D:11)
  An unseen horror (D:11)
  2 freezing wraiths
  A yaktaur (D:15)
  A queen bee (D:7)
  A troll (D:8)
  A hornet (D:7)
  A vampire (D:11)
  A wyvern (D:7)
  3 yaks (D:8)
  2 wraiths
  12 fire elementals (D:8)
  A steam dragon (D:6)
  Duvessa (D:7)
  2 orc warriors
  A black bear (D:6)
  An ice beast (D:7)
  A wolf (D:8)
  A centaur (D:8)
  3 lemures (D:8)
  2 phantoms
  A kobold brigand (Sewer)
  3 bullfrogs
  2 scorpions (D:6)
  A gnoll sergeant (D:6)
  10 wights
  Dowan (D:7)
  5 killer bees (D:7)
  3 electric eels (D:8)
  7 hounds
  3 bombardier beetles
  A gnoll bouda (D:7)
  6 orc priests
  A jelly (D:4)
  2 iguanas
  9 orc wizards
  15 gnolls
  3 adders
  2 river rats (D:5)
  A shadow imp (D:7)
  A white imp (D:5)
  A dart slug (D:1)
  25 orcs
  11 ball pythons
  4 bats
  10 endoplasms
  3 giant cockroaches
  5 goblins
  8 hobgoblins
  15 jackals
  21 kobolds
  5 quokkas
  4 frilled lizards
  9 rats
246 creatures vanquished.

Vanquished Creatures (collateral kills)
  The ghost of TheWayOfAllFlesh the Martial Artist, a novice DsGl (D:7)
  A wraith (D:15)
  A yak (D:8)
  A water moccasin (D:7)
  A bullfrog (D:8)
  A wight (D:8)
  2 killer bees (D:7)
  A hound (D:8)
  A white imp (D:8)
  An orc (D:8)
  A foxfire (Sewer)
12 creatures vanquished.

Vanquished Creatures (others)
  A hydra zombie (D:15)
  A yaktaur zombie (D:15)
  A cyclops zombie (D:15)
  A wyvern zombie (D:7)
  A yak zombie (D:8)
  2 bullfrog zombies (D:8)
  A centaur zombie (D:8)
  A killer bee zombie (D:7)
  2 hound zombies (D:8)
  A spectral white imp (D:8)
  6 orc zombies
  71 foxfires
89 creatures vanquished.

Grand Total: 347 creatures vanquished

Notes
Turn   | Place    | Note
-------+----------+-------------------------------------------
     0 | D:1      | Grafs the Oni Cinder Acolyte began the quest for the Orb.
     0 | D:1      | Reached XP level 1. HP: 24/24 MP: 2/2
    82 | D:1      | Reached XP level 2. HP: 30/32 MP: 3/3
   278 | D:1      | Reached XP level 3. HP: 37/40 MP: 4/4
   812 | D:2      | Reached XP level 4. HP: 45/49 MP: 5/5
   813 | D:2      | Reached skill level 1 in Dodging
   883 | D:2      | Learned a level 2 spell: Scorch
  1078 | D:3      | Reached XP level 5. HP: 46/55 MP: 1/6
  1467 | D:3      | Found an iron altar of Okawaru.
  1620 | D:3      | Reached skill level 5 in Fighting
  2150 | D:4      | Noticed a phantom
  2162 | D:4      | Killed a phantom
  2163 | D:4      | Reached skill level 1 in Polearms
  2163 | D:4      | Reached XP level 6. HP: 35/66 MP: 8/8
  2360 | D:4      | Found a stormy altar of Qazlal.
  2544 | D:4      | Found a white marble altar of Elyvilon.
  2650 | D:4      | Reached skill level 2 in Polearms
  2664 | D:5      | Entered Level 5 of the Dungeon
  2686 | D:5      | Gained mutation: You sometimes lose your temper in combat.
                  | [potion of mutation]
  2686 | D:5      | Gained mutation: You are robust. (+10% HP) [potion of
                  | mutation]
  2686 | D:5      | Gained mutation: You occasionally lose the ability to read
                  | scrolls when taking damage. [potion of mutation]
  2686 | D:5      | Gained mutation: You are very robust. (+20% HP) [potion of
                  | mutation]
  3015 | D:5      | Reached XP level 7. HP: 57/86 MP: 9/9
  3161 | D:5      | Reached skill level 3 in Polearms
  3161 | D:5      | Found a glowing drain.
  3224 | Sewer    | Entered a sewer
  3762 | D:6      | Reached skill level 4 in Polearms
  3798 | D:6      | Noticed a steam dragon
  3809 | D:6      | Killed a steam dragon
  3810 | D:6      | Reached XP level 8. HP: 44/99 MP: 10/12
  4303 | D:6      | Reached skill level 5 in Polearms
  4341 | D:6      | Reached skill level 1 in Stealth
  4774 | D:7      | Reached skill level 6 in Polearms
  4814 | D:7      | Noticed a hornet
  4820 | D:7      | Paralysed by a hornet for 2 turns
  4823 | D:7      | Killed a hornet
  4824 | D:7      | Reached XP level 9. HP: 28/110 MP: 14/14
  4824 | D:7      | Found Itwaih's Antique Armour Emporium.
  5103 | D:7      | Found a transporter.
  5103 | D:7      | Found a transporter.
  5103 | D:7      | Noticed TheWayOfAllFlesh's ghost (novice DsGl)
  5104 | D:7      | Noticed a queen bee
  5128 | D:7      | Reached skill level 7 in Polearms
  5172 | D:7      | Bought an embroidered scarf for 232 gold pieces
  5261 | D:7      | Found a staircase to the Ecumenical Temple.
  5322 | Temple   | Entered the Ecumenical Temple
  5333 | Temple   | Fell from the grace of Ignis
  5414 | Temple   | Became a worshipper of Yredelemnul the Dark
  5839 | D:7      | Killed TheWayOfAllFlesh's ghost
  5840 | D:7      | Reached skill level 8 in Polearms
  5845 | D:7      | Reached * piety under Yredelemnul
  5849 | D:7      | Reached ** piety under Yredelemnul
  5849 | D:7      | Reached skill level 5 in Dodging
  5871 | D:7      | Killed a queen bee
  5872 | D:7      | Reached XP level 10. HP: 81/127 MP: 2/16
  6136 | D:7      | Reached skill level 1 in Invocations
  6246 | D:7      | Identified a scroll of acquirement
  6246 | D:7      | Acquired the +0 tower shield "Hiler Itz" {rElec rC+ Str+3
                  | Int+2}
  6301 | D:7      | Noticed Duvessa
  6303 | D:7      | Noticed Dowan
  6314 | D:7      | Killed Duvessa
  6320 | D:7      | Killed Dowan
  6575 | D:7      | Reached *** piety under Yredelemnul
  6884 | D:8      | Found a staircase to the Lair.
  6890 | D:8      | Reached skill level 9 in Polearms
  7008 | D:8      | Reached skill level 1 in Shields
  7523 | D:8      | HP: 3/126 [fire elemental[the fiery vengeance of Ignis]
                  | (9)]
  8115 | D:8      | Noticed Pikel
  8133 | D:8      | Killed Pikel
  8266 | D:8      | You fall into a shaft and drop 3 floors!
  8317 | D:11     | Learned a level 3 spell: Confusing Touch
  8362 | D:11     | Killed an unseen horror
  8363 | D:11     | Reached skill level 10 in Polearms
  8363 | D:11     | Reached XP level 11. HP: 128/138 MP: 17/17
  8482 | D:11     | Noticed a cyclops
  8499 | D:11     | Killed a cyclops
  8586 | D:11     | Noticed a purple ugly thing
  8587 | D:11     | Noticed a worldbinder
  8588 | D:11     | Found a corrupted altar of Lugonu.
  8588 | D:11     | a raiju changed into a harpy
  8588 | D:11     | Noticed a harpy (shapeshifter)
  8588 | D:11     | Noticed a brown ugly thing
  8589 | D:11     | Noticed a harpy
  8591 | D:11     | a harpy changed into a steam dragon
  8627 | D:11     | Noticed Erica
  8639 | D:11     | Killed Erica
  8640 | D:11     | Reached skill level 10 in Fighting
  8700 | D:11     | You fall into a shaft and drop 3 floors!
  8765 | D:14     | Found a portal to a secret trove of treasure.
  8765 | D:14     | Noticed a cyclops
  8771 | D:14     | Was forgiven by Ignis
  8775 | D:14     | Killed a cyclops
  8984 | D:14     | Found a snail-covered altar of Cheibriados.
  9060 | D:15     | Entered Level 15 of the Dungeon
  9069 | D:15     | Noticed a cyclops
  9076 | D:15     | Killed a cyclops
  9153 | D:15     | Noticed a six-headed hydra
  9161 | D:15     | Killed a six-headed hydra
  9162 | D:15     | Noticed a death knight
  9173 | D:15     | Noticed a skeletal warrior
  9174 | D:15     | Reached skill level 5 in Spellcasting
  9181 | D:15     | Killed a death knight
  9186 | D:15     | Reached skill level 11 in Polearms
  9189 | D:15     | Killed a skeletal warrior
  9203 | D:15     | Noticed a deep elf pyromancer
  9208 | D:15     | Noticed Louise
  9219 | D:15     | Noticed a centaur warrior
  9220 | D:15     | Killed from afar by a deep elf pyromancer

Illustrated notes

Levels and vault maps discovered:
D:1:      heliophobic_arrival_ceremonial_halls, layout_basic, minmay_box_of_dots
D:2:      layout_rooms
D:3:      layout_loops_ring, mainiacjoe_overflow_alcove_4
D:4:      cheibrodos_barr_body, layout_basic, elyvilon_altar_3,
          mainiacjoe_overflow_small_starburst, st_stairs_6, uniq_eustachio
D:5:      layout_loops_ring, portal_sewer_entry_a, nicolae_figureground_sparkle
D:6:      layout_basic
D:7:      layout_basic, temple_statues, gammafunk_ghost_hive, serial_glass,
          glass_columns_a, glass_columns_c, glass_columns_b, glass_columns_a,
          glass_columns_b, glass_columns_b, glass_columns_c, glass_columns_c,
          item_on_display_a, feat_on_display, serial_shops, shop, uniq_duvessa
D:8:      layout_basic, erik_lair_island, enter_bailey_5,
          minmay_fractal_squares_5, uniq_pikel, uniq_prince_ribbit1
D:11:     gammafunk_corrupted_shrine, layout_loops_ring, serial_shops, shop,
          uniq_erica
D:14:     minmay_stepped, layout_cave_pods, grunt_vaults_entry_fortified,
          serial_shops, nicolae_book_shop_shelving, enter_trove_2,
          serial_park_tiny_1, cheibriados_altar_1
D:15:     grunt_enter_depths_snipers, layout_basic, minivault_4, serial_shops,
          nicolae_shop_hallway_stairs, minmay_shop_grid_forest,
          nicolae_alphabet_shops, nicolae_qazlal_eye_of_the_storm, uniq_louise,
          uniq_rupert
Temple:   pf_slime_end_temple

Skill      XL: |  1  2  3  4  5  6  7  8  9 10 11 |
---------------+----------------------------------+-----
Fire Magic     | 3 4 |  4.9
Dodging        | 1 2 3 4 5 6 7 |  7.2
Axes           | 4 |  4.6
Fighting       | 5 6 8 9 10 | 10.8
Polearms       | 1 2 4 6 8 10 11 | 11.1
Spellcasting   | 2 3 4 5 |  5.0
Stealth        | 1 2 |  2.8
Invocations    | 1 |  1.3
Shields        | 2 4 |  4.2
Hexes          | |  0.1

Action                     |  1- 3 |  4- 6 |  7- 9 | 10-12 || total
---------------------------+-------+-------+-------+-------++-------
  Melee: Hand axe          |    65 |    33 |       |       ||    98
         Headbutt          |     9 |    13 |    40 |    46 ||   108
         Trident           |       |    93 |   239 |   280 ||   612
         Punch             |       |       |     1 |       ||     1
  Throw: Dart              |       |     1 |       |       ||     1
   Cast: Scorch            |       |     8 |    16 |       ||    24
 Invoke: Foxfire Swarm     |     2 |     2 |     2 |       ||     6
         Fiery Armour      |     1 |     1 |     2 |       ||     4
         Recall Undead Har |       |       |     2 |       ||     2
         Renounce Religion |       |       |     1 |       ||     1
         Dark Bargain      |       |       |       |     1 ||     1
    Use: Scroll            |     1 |    10 |    11 |    10 ||    32
         Potion            |       |     3 |     2 |     6 ||    11
   Stab: Distracted        |       |       |       |     1 ||     1
 Armour: Robe              |    51 |   104 |   241 |   401 ||   797
  Dodge: Dodged            |    43 |    64 |   122 |   115 ||   344
  Block: Tower shield      |       |       |       |   136 ||   136

Table legend: (Time is in decaauts)
 A = Elapsed time spent in this place.
 B = Non-inter-level travel time spent in this place.
 C = Inter-level travel time spent in this place.
 D = Time resting spent in this place.
 E = Time spent auto-exploring this place.
 F = Levels seen in this place.
 G = Mean time per level.
                   A        B        C        D        E       F      G
               +--------+--------+--------+--------+--------+-----+--------+
         Total |   9339 |   9265 |     74 |   3441 |   1553 |  13 |  718.4 |
       Dungeon |   8879 |   8805 |     74 |   3441 |   1553 |  11 |  807.2 |
        Temple |    108 |    108 |      0 |      0 |      0 |   1 |  108.0 |
         Sewer |    351 |    351 |      0 |      0 |      0 |   1 |  351.0 |
               +--------+--------+--------+--------+--------+-----+--------+

Top non-repeatable levels by time:
     D:7: 1786 daAuts
     D:8: 1696 daAuts
     D:3: 1076 daAuts
     D:6: 1054 daAuts
     D:1: 709 daAuts
     D:5: 680 daAuts
     D:4: 597 daAuts
    D:11: 443 daAuts
    D:14: 370 daAuts
   Sewer: 351 daAuts
     D:2: 302 daAuts
    D:15: 162 daAuts
  Temple: 108 daAuts
